 Seeded DCSS version 0.29.1-12-g30fa7ad0bf (webtiles) character file.

Game seed: 7196415089472874889 (custom seed)

112 GigaChad the Trooper (level 4, 41/41 HPs)
             Began as a Minotaur Fighter on Dec 16, 2022.
             Quit the game on level 3 of the Dungeon.
             The game lasted 00:03:05 (2016 turns).

GigaChad the Trooper (Minotaur Fighter)             Turns: 2016, Time: 00:03:06

Health: 41/41      AC: 10    Str: 22    XL:     4   Next: 64%
Magic:  3/3        EV:  7    Int:  5    God:
Gold:   138        SH:  4    Dex: 10    Spells: 3/3 levels left

rFire   . . .      SeeInvis .   i - +1 war axe (vamp)
rCold   . . .      Faith    .   c - +0 buckler
rNeg    . . .      Spirit   .   r - +0 chain mail
rPois   .          Reflect  .   (helmet restricted)
rElec   .          Harm     .   j - +0 cloak
rCorr   .          Rampage  .   (no gloves)
Will    .....                   (no boots)
Stlth   ..........              (no amulet)
HPRegen 0.13/turn               (no ring)
MPRegen 0.08/turn               (no ring)

@: no status effects
A: horns 2, retaliatory headbutt
a: no special abilities


You were on level 3 of the Dungeon.
You visited 1 branch of the dungeon, and saw 3 of its levels.

You collected 138 gold pieces.

Inventory:

Hand Weapons
 a - a +0 war axe
 i - a +1 vampiric war axe (weapon)
Armour
 b - a +0 scale mail
 c - a +0 buckler (worn)
 j - a +0 cloak (worn)
 r - a +0 chain mail (worn)
Jewellery
 h - a ring of protection from fire
Scrolls
 g - a scroll of torment {unknown}
 k - 5 scrolls of immolation {unknown}
 m - 2 scrolls of teleportation {unknown}
 n - a scroll of identify {unknown}
 p - a scroll of amnesia {unknown}
 q - a scroll of enchant armour {unknown}
 s - a scroll of poison {unknown}
 t - a scroll of acquirement
Potions
 d - a potion of might
 e - 2 potions of resistance {unknown}
 f - 2 potions of lignification {unknown}
 l - 2 potions of curing {unknown}
 o - a potion of attraction {unknown}


   Skills:
 + Level 4.3 Fighting
 + Level 4.3 Axes
 + Level 4.2 Armour
 + Level 1.2 Dodging
 + Level 4.0 Shields


You had 3 spell levels left.
You didn't know any spells.
Your spell library contained the following spells:

 Spells                   Type           Power      Damage    Failure   Level
 Shock                    Conj/Air       0%         1d3       99%         1
 Swiftness                Air            0%         N/A       100%        3
 Airstrike                Air            0%         2d(0-16)  100%        4


Dungeon Overview and Level Annotations

Branches:
Dungeon (3/15)

Altars:

Shops:
D:2 !


Innate Abilities, Weirdness & Mutations

You have a pair of horns on your head.
You reflexively headbutt those who attack you in melee.


Message History

You slash the adder!
The adder is heavily wounded.
The adder bites you but does no damage. You block the adder's attack.
You barely miss the adder.
The adder is heavily wounded.
The adder bites you but does no damage.
You slash the adder!
You kill the adder!
Your Dodging skill increases to level 1!
There is an open door, spattered with blood here.
You see here an adder corpse.
Found 18 gold pieces.
You now have 123 gold pieces (gained 18).
You open the door.
A dart slug comes into view.
A rat comes into view.
Found 8 stones and 15 gold pieces.
There is an open door here.
You hit the dart slug. You headbutt the dart slug.
The dart slug is severely wounded.
You block the dart slug's attack.
You hit the dart slug but do no damage.
The dart slug is severely wounded.
You hit the rat.
You kill the rat!
The dart slug barely misses you.
You hit the dart slug.
You kill the dart slug!
You now have 138 gold pieces (gained 15).
You open the door.
Found a stone staircase leading up.
There is an open door here.
There is an open door here.
You see here a +0 dagger.
A hobgoblin comes into view.
The hobgoblin shouts!
You slash the hobgoblin!
You kill the hobgoblin!
t - a scroll of acquirement Are you sure you want to abandon this character and quit the game? (Confirm with "yes".)

.#.##......# .#.#..<###.# ##
.#.##### ..###.# ........
#.#.... .#.##### #.#.#.# .#.#
#.#.#.# # .#.# #####
##.#.#.#.#####
.#.#####...#.#....#.#......
...........+....@..............
.#.#####...#...............#..
.#.# #...####...#.######.#.#
)..# #...# #.#.#.# #...
...#####...# #.#.#.# #..####.
##.....#...# #.#.#.# ####......
#####.#...# #.#.#.. ..#...###+
######.#...# #.#.### #.#.......
...........## #.#.#
###.#.#.....


There were no monsters in sight!

Vanquished Creatures
  5 adders
  A worm (D:2)
  3 dart slugs
  6 endoplasms
  A giant cockroach (D:2)
  5 goblins
  7 hobgoblins
  5 jackals
  2 kobolds
  A quokka (D:2)
  4 ball pythons
  7 bats
  3 frilled lizards
  4 rats
54 creatures vanquished.

Notes
Turn   | Place    | Note
-------+----------+-------------------------------------------
     0 | D:1      | GigaChad the Minotaur Fighter began the quest for the Orb.
     0 | D:1      | Reached XP level 1. HP: 19/19 MP: 0/0
   229 | D:1      | Reached XP level 2. HP: 27/27 MP: 1/1
   615 | D:1      | Found a faded altar of an unknown god.
   775 | D:1      | Identified a scroll of acquirement
   775 | D:1      | Acquired a +1 vampiric war axe
   832 | D:2      | Reached XP level 3. HP: 33/33 MP: 2/2
   999 | D:2      | Found Zeusig's Distillery.
  1224 | D:2      | Reached XP level 4. HP: 41/41 MP: 3/3
  1828 | D:3      | Reached skill level 1 in Dodging
  2016 | D:3      | Quit the game

Illustrated notes

Levels and vault maps discovered:
D:1:      dreamdust_arrival_beginning_and_end, layout_basic,
          ebering_ecumenical_altar_webs, serial_rivers,
          chequers_serial_rivers_micro_c, chequers_serial_rivers_large_a,
          chequers_serial_rivers_marsh, chequers_serial_rivers_micro_d,
          chequers_serial_rivers_marsh, minivault_26
D:2:      layout_basic, serial_shops, shop
D:3:      layout_basic

Skill      XL: |  1  2  3  4 |
---------------+-------------+-----
Fighting       | 4 |  4.3
Armour         | 4 |  4.2
Axes           | 3 4 |  4.3
Shields        | 4 |  4.0
Dodging        | 1 |  1.2

Action                   |  1- 3 |  4- 6 || total
-------------------------+-------+-------++-------
Melee: War axe           |    69 |    32 ||   101
       Headbutt          |     9 |     4 ||    13
  Use: Scroll            |     1 |       ||     1
Armor: Scale mail        |    54 |     9 ||    63
       Chain mail        |       |    22 ||    22
Dodge: Dodged            |    52 |    24 ||    76
Block: Buckler           |    30 |    13 ||    43
